 Dungeon Sprint DCSS version 0.23-a0-805-gc1268f8 (webtiles) character file.

67990 Lanoc the Bringer of Light (level 15, -23/132 HPs)
             Began as a Gnoll Fighter on Jan 20, 2019.
             Was the Champion of the Shining One.
             Killed from afar by Nikola (42 damage)
             ... with a chain lightning
             ... in the Dungeon (Sprint IX: "|||||||||||||||||||||||||||||").
             The game lasted 00:22:16 (6219 turns).

Lanoc the Bringer of Light (Gnoll Fighter)          Turns: 6219, Time: 00:22:17

Health: -23/132    AC: 27    Str: 26    XL:     15   Next: 25%
Magic:  26/34      EV: 17    Int: 12    God:    the Shining One [******]
Gold:   165        SH: 28    Dex: 15    Spells: 42/44 levels left

rFire    . . .     SeeInvis .   C - +4 long sword (elec)
rCold    . . .     Gourm    .   c - +0 shield
rNeg     + + +     Faith    .   I - +2 plate armour
rPois    +         Spirit   .   w - +0 helmet
rElec    .         Reflect  .   H - +0 cloak {MR+}
rCorr    .         Harm     .   G - +1 pair of gloves
MR       ++...     NoTele   +   B - +0 pair of boots
Stlth    +.........             (no amulet)
HPRegen  0.32/turn              v - ring of poison resistance
MPRegen  0.24/turn              y - +3 ring of strength

@: divine shield, glowing
A: distributed training, fangs 1, strong nose
a: Divine Shield, Cleansing Flame, Summon Divine Warrior, Brand Weapon With Holy
Wrath, Renounce Religion


You were in the Dungeon.
You worshipped the Shining One.
The Shining One was exalted by your worship.
You were not hungry.

You visited 1 branch You collected 1907 gold pieces.
You spent 1742 gold pieces at shops.

Inventory:

Hand Weapons
 s - a +2 morningstar of protection
 t - a +1 scimitar of flaming
 A - a +3 arbalest of velocity
 C - a +4 long sword of electrocution (weapon)
 J - a +2 hunting sling of velocity
Missiles
 D - 130 bolts
 K - 18 sling bullets
Armour
 c - a +0 shield (worn)
 w - a +0 helmet (worn)
 B - a +0 pair of boots (worn)
 F - a +1 large shield
 G - a +1 pair of gloves (worn)
 H - a +0 cloak of magic resistance (worn)
 I - a +2 plate armour (worn)
Magical Staves
 p - an uncursed staff of energy
Jewellery
 u - an uncursed ring of protection from cold
 v - a ring of poison resistance (left hand)
 x - a +3 ring of dexterity
 y - a +3 ring of strength (right hand)
Wands
 e - a wand of digging (6)
 o - a wand of acid (10)
Scrolls
 k - 3 scrolls of blinking
 l - a scroll of fear
 m - 6 scrolls of remove curse
 n - 2 scrolls of amnesia
 q - 2 scrolls of identify
 r - 3 scrolls of fog
Potions
 a - a potion of brilliance
 b - a potion of mutation
 d - 5 potions of might
 g - a potion of heal wounds
 h - 3 potions of haste
 i - 4 potions of magic
 j - a potion of berserk rage
 z - a potion of agility
Comestibles
 f - 10 rations


   Skills:
 + Level 16.4 Fighting
 + Level 15.4 Short Blades
 + Level 15.9 Long Blades
 + Level 15.4 Axes
 + Level 15.4 Maces & Flails
 + Level 15.4 Polearms
 + Level 15.4 Staves
 + Level 15.4 Slings
 + Level 15.4 Bows
 + Level 15.4 Crossbows
 + Level 15.4 Throwing
 + Level 16.4 Armour
 + Level 15.4 Dodging
 + Level 15.4 Stealth
 + Level 16.4 Shields
 + Level 15.4 Unarmed Combat
 + Level 15.4 Spellcasting
 + Level 13.3 Conjurations
 + Level 13.3 Hexes
 + Level 13.3 Charms
 + Level 13.3 Summonings
 + Level 13.3 Necromancy
 + Level 13.3 Translocations
 + Level 13.3 Transmutations
 + Level 13.3 Fire Magic
 + Level 13.3 Ice Magic
 + Level 13.3 Air Magic
 + Level 13.3 Earth Magic
 + Level 13.3 Poison Magic
 + Level 16.6 Invocations
 + Level 15.4 Evocations


You had 42 spell levels left.
You knew the following spells:

 Your Spells              Type           Power        Failure   Level  Hunger
a - Ensorcelled Hibernat  Hex/Ice        #####.       1%          2    None

Your spell library contained the following spells:

 Spells                   Type           Power        Failure   Level  Hunger
 Flame Tongue             Conj/Fire      #####        1%          1    None
 Cause Fear               Hex            #####.....   1%          4    ###....
 Bolt of Fire             Conj/Fire      #####.....   26%         6    ######.
 Freezing Cloud           Conj/Ice/Air   #####.....   26%         6    ######.
 Dragon Form              Tmut           #####.....   83%         7    #######
 Dragon's Call            Summ           #####.....   100%        9    #######
 Tornado                  Air            #####.....   100%        9    #######


Dungeon Overview and Level Annotations

Branches:
Dungeon (1/1)

Altars:
Cheibriados
Dithmenos
Elyvilon
Fedhas
Gozag
Hepliaklqana
Kikubaaqudgha
Makhleb
Nemelex Xobeh
Okawaru
Qazlal
Ru
Sif Muna
Trog
Uskayaw
Vehumet
Wu Jian
Xom
Yredelemnul
Zin
The Shining One
Beogh
Jiyva
Lugonu

Shops:
D ?*::

Annotations:
D Nikola


Innate Abilities, Weirdness & Mutations

Your experience applies equally to all skills.
You have very sharp teeth.
Your uncanny sense of smell can sniff out nearby items.


Message History

You hear a mighty clap of thunder!
The lightning arc hits you!
The lightning arc hits Nikola.
The lightning arc hits you!
The lightning arc hits Nikola.
The lightning arc hits you!
* * * LOW HITPOINT WARNING * * *
The lightning arc hits you!
* * * LOW HITPOINT WARNING * * *
You hear a deafening roar!
You slash Nikola! Lightning courses through Nikola!
Nikola is severely wounded.
You hit Nikola. You bite Nikola.
Nikola is severely wounded.
Nikola misses you.
You riposte.
You hit Nikola. Your bite misses Nikola.
Nikola is severely wounded.
You hit Nikola but do no damage.
Nikola is severely wounded.
Nikola mumbles some strange words.
You hear a mighty clap of thunder!
The lightning arc hits you!
You die...

∆
▓.▓.▓.▓.▓.▓.▓.▓.▓.
∆▓.▓.▓.▓'▓.▓.▓.▓.▓.
∆▓.▓.▓.▓.▓.▓.▓.▓.▓.
∆▓.▓.▓.▓.▓.▓.▓.▓.▓.
∆▓.▓.▓.▓.▓.▓.▓.▓∩▓.
∆▓.▓.▓.▓.▓)▓)▓.▓.▓.
∆▓.▓)▓.▓.▓[▓)▓.▓∩▓.
∆▓A▓)▓.▓.▓)▓)▓.▓)▓.
▓@▓)▓.▓.▓.▓.▓.▓∩▓.
▓@▓)▓.▓.▓)▓(▓.▓.▓.
▓.▓)▓.▓†▓.▓)▓.▓∩▓.
∆▓.▓)▓.▓†▓.▓)▓.▓.▓.
∆▓.▓(▓.♣.♣.▓(▓.▓.▓.
∆▓.▓)▓.♣.♣.▓(▓.▓.▓.
∆
∆▓.▓)▓.♣.♣.▓(▓.▓.▓.
∆▓.▓)▓.♣.♣.▓.▓.▓.▓.
∆ ▓)▓.♣.♣.▓[▓.▓)▓.


You could see Nikola and a friendly daeva.

Vanquished Creatures
  Kirke (D)
  A nagaraja (D)
  2 fire giants (D)
  Aizul (D)
  A ghost moth (D)
  2 frost giants (D)
  An ironheart preserver (D)
  A stone giant (D)
  2 vampire knights (D)
  A merfolk javelineer (D)
  3 ettins (D)
  2 great orbs of eyes (D)
  2 ogre magi (D)
  3 yaktaur captains (D)
  A vault guard (D)
  2 rakshasas (D)
  2 hydras (D)
  2 ice dragons (D)
  A shambling mangrove (D)
  An anaconda (D)
  9 two-headed ogres (D)
  4 centaur warriors (D)
  A merfolk aquamancer (D)
  A satyr (shapeshifter) (D)
  2 deep troll shamans (D)
  2 deep elf knights (D)
  A shadow wraith (D)
  A naga ritualist (D)
  A flayed ghost (D)
  2 unseen horrors (D)
  A wizard (D)
  5 orc knights (D)
  An ironbrand convoker (D)
  An orb spider (D)
  3 wolf spiders (D)
  A manticore (D)
  Joseph (D)
  Psyche (D)
  A guardian serpent (shapeshifter) (D)
  4 black mambas (D)
  A naga mage (D)
  2 spiny frogs (D)
  2 demonic crawlers (D)
  A freezing wraith (D)
  A komodo dragon (D)
  A guardian mummy (D)
  4 yaktaurs (D)
  2 wind drakes (D)
  A jumping spider (D)
  A tyrant leech (D)
  A merfolk (D)
  3 hornets (D)
  A snapping turtle (D)
  2 slime creatures (D)
  A hippogriff (D)
  A tarantella (shapeshifter) (D)
  A tarantella (D)
  A shadow (D)
  2 hogs (D)
  2 yaks (D)
  Eustachio (D)
  3 fire elementals (D)
  A wraith (D)
  2 wargs (D)
  A water moccasin (D)
  3 hell hounds (D)
  4 porcupines (D)
  16 orc warriors (D)
  4 wolves (D)
  4 ogres (D)
  A boggart (shapeshifter) (D)
  4 centaurs (D)
  2 crocodiles (D)
  3 bullfrogs (D)
  A scorpion (D)
  A crimson imp (D)
  A hound (D)
  A jelly (D)
  3 orc priests (D)
  5 orc wizards (D)
  3 worker ants (D)
  An adder (D)
  A worm (D)
  2 leopard geckos (D)
  3 orcs (D)
  A giant cockroach (D)
  A kobold (D)
  A ball python (D)
  A ball python simulacrum (D)
  A giant cockroach zombie (D)
  A rat (D)
183 creatures vanquished.

Vanquished Creatures (collateral kills)
  Saint Roka (D)
  A thorn hunter (D)
  A nagaraja (D)
  Azrael (D)
  A hydra (D)
  A naga sharpshooter (D)
  2 sea snakes (D)
  A swamp dragon (D)
  A salamander (D)
  A snapping turtle (D)
  A fire elemental (D)
  A warg (D)
  A hell hound (D)
  A swamp drake (D)
  2 orcs (D)
17 creatures vanquished.

Vanquished Creatures (others)
  A shambling mangrove (D)
  A komodo dragon (D)
  A hornet (D)
3 creatures vanquished.

Grand Total: 203 creatures vanquished

Notes
Turn   | Place    | Note
-------+----------+-------------------------------------------
     0 | D        | Lanoc the Gnoll Fighter began the quest for the Orb.
     0 | D        | Reached XP level 1. HP: 23/23 MP: 1/1
     8 | D        | Reached skill level 1 in Invocations
    11 | D        | Reached skill level 1 in Short Blades
    11 | D        | Reached skill level 1 in Axes
    11 | D        | Reached skill level 1 in Maces & Flails
    11 | D        | Reached skill level 1 in Polearms
    11 | D        | Reached skill level 1 in Staves
    11 | D        | Reached skill level 1 in Slings
    11 | D        | Reached skill level 1 in Bows
    11 | D        | Reached skill level 1 in Crossbows
    11 | D        | Reached skill level 1 in Throwing
    11 | D        | Reached skill level 1 in Dodging
    11 | D        | Reached skill level 1 in Stealth
    11 | D        | Reached skill level 1 in Unarmed Combat
    11 | D        | Reached skill level 1 in Spellcasting
    11 | D        | Reached skill level 1 in Evocations
    17 | D        | Noticed a worker ant
    17 | D        | Noticed a worker ant
    18 | D        | Reached XP level 2. HP: 25/29 MP: 1/3
    21 | D        | Reached skill level 1 in Conjurations
    21 | D        | Reached skill level 1 in Hexes
    21 | D        | Reached skill level 1 in Charms
    21 | D        | Reached skill level 1 in Summonings
    21 | D        | Reached skill level 1 in Necromancy
    21 | D        | Reached skill level 1 in Translocations
    21 | D        | Reached skill level 1 in Transmutations
    21 | D        | Reached skill level 1 in Fire Magic
    21 | D        | Reached skill level 1 in Ice Magic
    21 | D        | Reached skill level 1 in Air Magic
    21 | D        | Reached skill level 1 in Earth Magic
    21 | D        | Reached skill level 1 in Poison Magic
    21 | D        | Reached XP level 3. HP: 31/35 MP: 2/5
    29 | D        | Reached skill level 5 in Long Blades
    41 | D        | Reached XP level 4. HP: 13/43 MP: 4/7
    49 | D        | Found a roughly hewn altar of Beogh.
    49 | D        | Found a snail-covered altar of Cheibriados.
    49 | D        | Found a shadowy altar of Dithmenos.
    49 | D        | Found a white marble altar of Elyvilon.
    49 | D        | Found a blossoming altar of Fedhas.
    49 | D        | Found an opulent altar of Gozag.
    50 | D        | Found a hazy altar of Hepliaklqana.
    51 | D        | Found a viscous altar of Jiyva.
    52 | D        | Found an ancient bone altar of Kikubaaqudgha.
    53 | D        | Found a corrupted altar of Lugonu.
    54 | D        | Found a burning altar of Makhleb.
    55 | D        | Found a sparkling altar of Nemelex Xobeh.
    56 | D        | Found an iron altar of Okawaru.
    57 | D        | Found a stormy altar of Qazlal.
    58 | D        | Found a sacrificial altar of Ru.
    59 | D        | Found a deep blue altar of Sif Muna.
    60 | D        | Found a bloodstained altar of Trog.
    61 | D        | Found a hide-covered altar of Uskayaw.
    62 | D        | Found a radiant altar of Vehumet.
    63 | D        | Found an ornate altar of the Wu Jian Council.
    64 | D        | Found a shimmering altar of Xom.
    65 | D        | Found a basalt altar of Yredelemnul.
    66 | D        | Found a glowing silver altar of Zin.
    67 | D        | Found a glowing golden altar of the Shining One.
    75 | D        | Became a worshipper of the Shining One
   123 | D        | Noticed a centaur
   123 | D        | Noticed an orc warrior
   123 | D        | Reached * piety under the Shining One
   133 | D        | Killed an orc warrior
   133 | D        | Reached XP level 5. HP: 25/48 MP: 8/10
   137 | D        | Killed a centaur
   137 | D        | Reached XP level 6. HP: 30/56 MP: 8/12
   331 | D        | Noticed an orc warrior
   331 | D        | Noticed a yak
   331 | D        | Reached ** piety under the Shining One
   331 | D        | Noticed an orc warrior
   332 | D        | Noticed an unseen horror
   338 | D        | Killed an orc warrior
   338 | D        | Reached skill level 5 in Invocations
   346 | D        | Killed an unseen horror
   346 | D        | Reached XP level 7. HP: 48/64 MP: 13/16
   346 | D        | Reached XP level 8. HP: 53/71 MP: 13/17
   355 | D        | Killed a yak
   355 | D        | Reached skill level 5 in Conjurations
   355 | D        | Reached skill level 5 in Hexes
   355 | D        | Reached skill level 5 in Charms
   355 | D        | Reached skill level 5 in Summonings
   355 | D        | Reached skill level 5 in Necromancy
   355 | D        | Reached skill level 5 in Translocations
   355 | D        | Reached skill level 5 in Transmutations
   355 | D        | Reached skill level 5 in Fire Magic
   355 | D        | Reached skill level 5 in Ice Magic
   355 | D        | Reached skill level 5 in Air Magic
   355 | D        | Reached skill level 5 in Earth Magic
   355 | D        | Reached skill level 5 in Poison Magic
   637 | D        | Got the cursed +0 hunting sling "Wiwnuaq" {freeze, MR+}
   651 | D        | Noticed a spiny frog
   651 | D        | Noticed a black mamba
   651 | D        | Noticed a spiny frog
   651 | D        | Noticed a black mamba
   651 | D        | Reached *** piety under the Shining One
   656 | D        | Killed a black mamba
   659 | D        | Noticed a komodo dragon
   665 | D        | Reached XP level 9. HP: 43/77 MP: 19/19
   672 | D        | Killed a spiny frog
   682 | D        | Killed a black mamba
   682 | D        | Reached skill level 10 in Fighting
   682 | D        | Reached skill level 10 in Armour
   682 | D        | Reached skill level 10 in Shields
   685 | D        | Killed a spiny frog
   691 | D        | Killed a komodo dragon
   959 | D        | Noticed a five-headed hydra
   959 | D        | Reached **** piety under the Shining One
   968 | D        | Killed a five-headed hydra
   968 | D        | Reached XP level 10. HP: 54/86 MP: 19/22
  1142 | D        | Reached ***** piety under the Shining One
  1156 | D        | Reached skill level 10 in Long Blades
  1307 | D        | Noticed Psyche
  1315 | D        | Paralysed by Psyche for 6 turns
  1323 | D        | Killed Psyche
  1323 | D        | Reached skill level 10 in Invocations
  1454 | D        | Reached ****** piety under the Shining One
  1572 | D        | Noticed an orc knight
  1572 | D        | Noticed an orc knight
  1589 | D        | Killed an orc knight
  1589 | D        | Reached XP level 11. HP: 93/93 MP: 21/24
  1590 | D        | Noticed an orc knight
  1610 | D        | Killed an orc knight
  1617 | D        | Noticed an orc knight
  1625 | D        | Killed an orc knight
  1648 | D        | Killed an orc knight
  1651 | D        | Reached skill level 10 in Short Blades
  1651 | D        | Reached skill level 10 in Axes
  1651 | D        | Reached skill level 10 in Maces & Flails
  1651 | D        | Reached skill level 10 in Polearms
  1651 | D        | Reached skill level 10 in Staves
  1651 | D        | Reached skill level 10 in Slings
  1651 | D        | Reached skill level 10 in Bows
  1651 | D        | Reached skill level 10 in Crossbows
  1651 | D        | Reached skill level 10 in Throwing
  1651 | D        | Reached skill level 10 in Dodging
  1651 | D        | Reached skill level 10 in Stealth
  1651 | D        | Reached skill level 10 in Unarmed Combat
  1651 | D        | Reached skill level 10 in Spellcasting
  1651 | D        | Reached skill level 10 in Evocations
  1917 | D        | Found Myco's Book Boutique.
  1917 | D        | Noticed a two-headed ogre
  1917 | D        | Noticed a two-headed ogre
  1917 | D        | Noticed a two-headed ogre
  1917 | D        | Noticed a two-headed ogre
  1917 | D        | Noticed a two-headed ogre
  1923 | D        | Killed a two-headed ogre
  1927 | D        | Noticed a two-headed ogre
  1928 | D        | Killed a two-headed ogre
  1934 | D        | Killed a two-headed ogre
  1940 | D        | Killed a two-headed ogre
  1945 | D        | Killed a two-headed ogre
  1954 | D        | Killed a two-headed ogre
  1966 | D        | Found Ginloyth's Book Shop.
  1970 | D        | Found Pemoable's Assorted Antiques.
  1973 | D        | Found Qoetiteu's Magic Scroll Shop.
  1973 | D        | Noticed a two-headed ogre
  1974 | D        | Noticed a two-headed ogre
  1977 | D        | Noticed an ogre mage
  1980 | D        | Noticed a two-headed ogre
  1987 | D        | Killed a two-headed ogre
  1987 | D        | Reached XP level 12. HP: 80/103 MP: 23/26
  1995 | D        | Killed a two-headed ogre
  2004 | D        | Killed an ogre mage
  2012 | D        | Killed a two-headed ogre
  2053 | D        | Bought a scroll of acquirement for 572 gold pieces
  2061 | D        | Identified the Guide on the Glacial Birds (You acquired it
                  | in the Dungeon)
  2066 | D        | Learned a level 2 spell: Ensorcelled Hibernation
  2070 | D        | Bought a book of the Dragon for 1170 gold pieces
  2179 | D        | Noticed Eustachio
  2191 | D        | Killed Eustachio
  2370 | D        | Noticed a great orb of eyes
  2371 | D        | Noticed a vampire knight
  2371 | D        | Noticed a vampire knight
  2381 | D        | Paralysed by a vampire knight for 2 turns
  2387 | D        | Killed a vampire knight
  2387 | D        | Reached skill level 10 in Conjurations
  2387 | D        | Reached skill level 10 in Hexes
  2387 | D        | Reached skill level 10 in Charms
  2387 | D        | Reached skill level 10 in Summonings
  2387 | D        | Reached skill level 10 in Necromancy
  2387 | D        | Reached skill level 10 in Translocations
  2387 | D        | Reached skill level 10 in Transmutations
  2387 | D        | Reached skill level 10 in Fire Magic
  2387 | D        | Reached skill level 10 in Ice Magic
  2387 | D        | Reached skill level 10 in Air Magic
  2387 | D        | Reached skill level 10 in Earth Magic
  2387 | D        | Reached skill level 10 in Poison Magic
  2403 | D        | Killed a vampire knight
  2416 | D        | Killed a great orb of eyes
  2727 | D        | Noticed Saint Roka
  2765 | D        | Killed Saint Roka
  2765 | D        | Reached XP level 13. HP: 7/111 MP: 20/29
  3166 | D        | Noticed Azrael
  3173 | D        | Killed Azrael
  3347 | D        | Noticed a merfolk javelineer
  3384 | D        | Killed a merfolk javelineer
  3787 | D        | Noticed a nagaraja
  3803 | D        | Killed a nagaraja
  3817 | D        | Noticed a nagaraja
  3857 | D        | Killed a nagaraja
  4171 | D        | Noticed a thorn hunter
  4217 | D        | Killed a thorn hunter
  4558 | D        | Noticed a ghost moth
  4589 | D        | Killed a ghost moth
  4589 | D        | Reached XP level 14. HP: 107/121 MP: 0/31
  4791 | D        | Noticed Aizul
  4815 | D        | Killed Aizul
  5042 | D        | Noticed Joseph
  5059 | D        | Killed Joseph
  5104 | D        | Noticed Kirke
  5119 | D        | Killed Kirke
  5119 | D        | Reached skill level 15 in Fighting
  5119 | D        | Reached skill level 15 in Armour
  5119 | D        | Reached skill level 15 in Shields
  5169 | D        | Noticed a frost giant
  5185 | D        | Reached skill level 15 in Invocations
  5207 | D        | Killed a frost giant
  5245 | D        | Noticed a fire giant
  5246 | D        | Noticed a fire giant
  5262 | D        | Killed a fire giant
  5262 | D        | Reached skill level 15 in Long Blades
  5537 | D        | Noticed a frost giant
  5540 | D        | Noticed a fire giant
  5548 | D        | Killed a frost giant
  5554 | D        | Killed a fire giant
  5740 | D        | Noticed an ironheart preserver
  5756 | D        | Killed an ironheart preserver
  5786 | D        | Noticed a stone giant
  5791 | D        | Reached skill level 15 in Short Blades
  5791 | D        | Reached skill level 15 in Axes
  5791 | D        | Reached skill level 15 in Maces & Flails
  5791 | D        | Reached skill level 15 in Polearms
  5791 | D        | Reached skill level 15 in Staves
  5791 | D        | Reached skill level 15 in Slings
  5791 | D        | Reached skill level 15 in Bows
  5791 | D        | Reached skill level 15 in Crossbows
  5791 | D        | Reached skill level 15 in Throwing
  5791 | D        | Reached skill level 15 in Dodging
  5791 | D        | Reached skill level 15 in Stealth
  5791 | D        | Reached skill level 15 in Unarmed Combat
  5791 | D        | Reached skill level 15 in Spellcasting
  5791 | D        | Reached skill level 15 in Evocations
  5796 | D        | Reached XP level 15. HP: 127/131 MP: 32/34
  6202 | D        | Noticed Nikola
  6219 | D        | Killed from afar by Nikola

Vault maps used:
D:        linesprint

Skill      XL: |  1  2  3  4  5  6  7  8  9 10 11 12 13 14 15 |
---------------+----------------------------------------------+-----
Invocations    | 1 2 4 6 7 9 10 11 13 14 16 | 16.6
Short Blades   | 1 2 3 4 6 7 8 9 10 12 13 15 | 15.4
Axes           | 1 2 3 4 6 7 8 9 10 12 13 15 | 15.4
Maces & Flails | 1 2 3 4 6 7 8 9 10 12 13 15 | 15.4
Polearms       | 1 2 3 4 6 7 8 9 10 12 13 15 | 15.4
Staves         | 1 2 3 4 6 7 8 9 10 12 13 15 | 15.4
Slings         | 1 2 3 4 6 7 8 9 10 12 13 15 | 15.4
Bows           | 1 2 3 4 6 7 8 9 10 12 13 15 | 15.4
Crossbows      | 1 2 3 4 6 7 8 9 10 12 13 15 | 15.4
Throwing       | 1 2 3 4 6 7 8 9 10 12 13 15 | 15.4
Dodging        | 1 2 3 4 6 7 8 9 10 12 13 15 | 15.4
Stealth        | 1 2 3 4 6 7 8 9 10 12 13 15 | 15.4
Unarmed Combat | 1 2 3 4 6 7 8 9 10 12 13 15 | 15.4
Spellcasting   | 1 2 3 4 6 7 8 9 10 12 13 15 | 15.4
Evocations     | 1 2 3 4 6 7 8 9 10 12 13 15 | 15.4
Conjurations   | 1 2 3 4 5 7 8 9 10 11 12 13 | 13.3
Hexes          | 1 2 3 4 5 7 8 9 10 11 12 13 | 13.3
Charms         | 1 2 3 4 5 7 8 9 10 11 12 13 | 13.3
Summonings     | 1 2 3 4 5 7 8 9 10 11 12 13 | 13.3
Necromancy     | 1 2 3 4 5 7 8 9 10 11 12 13 | 13.3
Translocations | 1 2 3 4 5 7 8 9 10 11 12 13 | 13.3
Transmutations | 1 2 3 4 5 7 8 9 10 11 12 13 | 13.3
Fire Magic     | 1 2 3 4 5 7 8 9 10 11 12 13 | 13.3
Ice Magic      | 1 2 3 4 5 7 8 9 10 11 12 13 | 13.3
Air Magic      | 1 2 3 4 5 7 8 9 10 11 12 13 | 13.3
Earth Magic    | 1 2 3 4 5 7 8 9 10 11 12 13 | 13.3
Poison Magic   | 1 2 3 4 5 7 8 9 10 11 12 13 | 13.3
Long Blades    | 5 6 7 8 9 10 11 12 14 15 | 15.9
Fighting       | 7 9 10 11 12 13 14 16 | 16.4
Armour         | 7 9 10 11 12 13 14 16 | 16.4
Shields        | 7 9 10 11 12 13 14 16 | 16.4

Action                   |  1- 3 |  4- 6 |  7- 9 | 10-12 | 13-15 || total
-------------------------+-------+-------+-------+-------+-------++-------
Melee: Long sword        |    30 |       |       |       |   463 ||   493
       Bite              |     3 |     9 |     8 |    81 |    98 ||   199
       Morningstar       |       |    33 |    69 |   404 |       ||   506
       Scimitar          |       |       |       |       |    32 ||    32
Invok: Divine Shield     |       |       |     2 |     6 |    10 ||    18
       Summon Divine War |       |       |       |     1 |     5 ||     6
       Cleansing Flame   |       |       |       |       |     3 ||     3
  Use: Potion            |       |       |     3 |       |    10 ||    13
       Scroll            |       |       |       |     1 |       ||     1
  Eat: Chunk             |       |       |       |     7 |    11 ||    18
       Ration            |       |       |       |       |     1 ||     1
Armor: Scale mail        |     6 |       |       |       |       ||     6
       Chain mail        |       |    13 |    15 |    67 |       ||    95
       Plate armour      |       |       |       |    26 |    98 ||   124
Dodge: Dodged            |    11 |     8 |    18 |    98 |    96 ||   231
Block: Shield            |    14 |    25 |    61 |   298 |   352 ||   750
       Rpst.: Long sword |     4 |       |       |       |    18 ||    22
       Scimitar          |       |       |       |       |     1 ||     1

Table legend:
 A = Non-vault XP
 B = Vault XP
 C = Vault XP percentage of total XP
 D = Non-vault monster count
 E = Vault monster count
 F = Vault count percentage of total count
                 A         B        C        D         E       F
            +---------+---------+-------+---------+---------+-------
      Total |     559 |   96570 |  99.4 |       2 |     200 |  99.0
            +---------+---------+-------+---------+---------+-------
          D |     559 |   96570 |  99.4 |       2 |     200 |  99.0
            +---------+---------+-------+---------+---------+-------
